 Dungeon Crawl Stone Soup version 0.25-a0-737-g26c3a87c45 (webtiles) character file.

Game seed: 9313596102393808013, levelgen mode: deterministic

11 Esekla the Grasshopper (level 2, -1/23 HPs)
             Began as a Barachi Warper on Apr 12, 2020.
             Slain by a kobold
             ... wielding a +0 dagger
              (3 damage)
             ... on level 1 of the Dungeon.
             The game lasted 00:04:24 (369 turns).

Esekla the Grasshopper (Barachi Warper)              Turns: 369, Time: 00:04:25

Health: -1/23      AC:  3    Str: 12    XL:     2   Next: 25%
Magic:  2/5        EV: 12    Int: 13    God:
Gold:   21         SH:  0    Dex: 11    Spells: 2/6 levels left

rFire    . . .     SeeInvis .   a - +0 falchion
rCold    . . .     Gourm    .   (no shield)
rNeg     . . .     Faith    .   b - +0 leather armour
rPois    .         Spirit   .   (no helmet)
rElec    .         Reflect  .   (no cloak)
rCorr    .         Harm     .   (no gloves)
MR       .....                  (no boots)
Stlth    +.........             (no amulet)
HPRegen  0.07/turn              (no ring)
MPRegen  0.09/turn              (no ring)

@: very slightly contaminated, slow
A: +LOS, swims, slowness 1, strong legs 1
a: Hop


You were on level 1 of the Dungeon.
You were not hungry.

You visited 1 branch of the dungeon, and saw 1 of its levels.

You collected 21 gold pieces.

Inventory:

Hand Weapons
 a - a +0 falchion (weapon)
Missiles
 e - 5 boomerangs of dispersal (quivered)
Armour
 b - a +0 leather armour (worn)
Scrolls
 c - a scroll of magic mapping {unknown}
 d - a scroll of blinking
Comestibles
 f - a ration


   Skills:
 + Level 2.4 Fighting
 * Level 3.0 Long Blades
 + Level 1.0 Throwing
 + Level 1.5 Armour
 + Level 2.1 Dodging
 * Level 2.5 Spellcasting
 + Level 3.2 Translocations


You had 2 spell levels left.
You knew the following spells:

 Your Spells              Type           Power        Failure   Level  Hunger
a - Shroud of Golubria    Chrm/Tloc      #.....       24%         2    ###....
b - Blink                 Tloc           N/A          12%         2    ###....

Your spell library contained the following spells:

 Spells                   Type           Power        Failure   Level  Hunger
 Gell's Gravitas          Tloc           ##........   24%         3    ###....
 Lesser Beckoning         Tloc           ##........   24%         3    ###....
 Teleport Other           Tloc           ##......     24%         3    ###....
 Passage of Golubria      Tloc           N/A          63%         4    #####..


Dungeon Overview and Level Annotations

Branches:
Dungeon (1/15)

Altars:


Innate Abilities, Weirdness & Mutations

You can be seen from farther away. (+LOS)
You can swim through water.
You cover ground slowly.
You can hop short distances.


Message History

You hit the kobold.
The kobold is severely wounded.
Your shroud bends the kobold's attack away.
You closely miss the kobold.
The kobold is severely wounded.
The kobold barely misses you.
You riposte.
You barely miss the kobold.
The kobold is severely wounded.
You hit the kobold but do no damage.
The kobold is severely wounded.
Your shroud unravels.
The kobold splashes around in the water.
The kobold completely misses you.
You riposte.
You hit the kobold.
The kobold is severely wounded.
You barely miss the kobold.
The kobold is severely wounded.
The kobold barely misses you.
You hit the kobold but do no damage.
The kobold is severely wounded.
The kobold hits you with a +0 dagger.
You die...

#. #≈..P...P.≈#........###
#...#♣♣.......♣#..........#
#.......<...÷.........#..
###♣♣.......♣##.#.#####..
#≈..♣.....≈##.#.#####†.
#≈.♣♣♣....≈##.#.#......
#≈(.♣.....≈##.#.#.###.#
#≈≈≈≈♣K♣≈≈≈##.#.#.# #.#
######@######.#.#.# #.#
#.######.#.#.# #.#
#........#.#.# #.#
########.#.#.# #.# #.#.#.#
#.# #.#.#.# #.# #.#.#.# #.#
#.#.#.# #.# #.#.#.# #.#


You could see a kobold.

Vanquished Creatures
  A dart slug (D:1)
  2 bats (D:1)
  A goblin (D:1)
  A hobgoblin (D:1)
  2 frilled lizards (D:1)
  2 rats (D:1)
9 creatures vanquished.

Vanquished Creatures (others)
  5 toadstools (D:1)
5 creatures vanquished.

Grand Total: 14 creatures vanquished

Notes
Turn   | Place    | Note
-------+----------+-------------------------------------------
     0 | D:1      | Esekla the Barachi Warper began the quest for the Orb.
     0 | D:1      | Reached XP level 1. HP: 17/17 MP: 3/3
    62 | D:1      | Reached XP level 2. HP: 10/23 MP: 5/5
    75 | D:1      | Learned a level 2 spell: Shroud of Golubria
   271 | D:1      | Learned a level 2 spell: Blink
   369 | D:1      | Slain by a kobold

Levels and vault maps discovered:
D:1:      ldierk_walled_garden, layout_basic, minmay_misc_feat_ornament,
          st_stairs_5, bh_walls_and_bars

Skill      XL: |  1  2 |
---------------+-------+-----
Long Blades    | 3 |  3.0
Fighting       | |  2.4
Throwing       | |  1.0
Armour         | |  1.5
Dodging        | |  2.1
Spellcasting   | |  2.5
Translocations | |  3.2

Action                   || total
-------------------------++-------
Melee: Falchion          ||    46
 Cast: Shroud of Golubri ||     4
Armor: Leather armour    ||     6
Dodge: Dodged            ||    21
       Rpst.: Falchion   ||    11

Table legend:
 A = Non-vault XP
 B = Vault XP
 C = Vault XP percentage of total XP
 D = Non-vault monster count
 E = Vault monster count
 F = Vault count percentage of total count
                 A         B        C        D         E       F
            +---------+---------+-------+---------+---------+-------
      Total |      16 |       0 |   0.0 |       9 |       0 |   0.0
            +---------+---------+-------+---------+---------+-------
        D:1 |      16 |       0 |   0.0 |       9 |       0 |   0.0
            +---------+---------+-------+---------+---------+-------
